 Dungeon Crawl Stone Soup version 0.19-a0-1170-g18f0c96 (webtiles) character file.

1663 inmateoo the Geomancer (level 9, -8/45 HPs)
             Began as a Gargoyle Earth Elementalist on Aug 16, 2016.
             Killed by blast of rock fragments (15 damage)
             ... on level 8 of the Dungeon.
             The game lasted 00:12:48 (6852 turns).

inmateoo the Geomancer (GrEE)                       Turns: 6852, Time: 00:12:49

Health: -8/45      AC: 12    Str: 12    XL:     9   Next: 1%
Magic:  5/16       EV: 13    Int: 19    God:
Gold:   427        SH:  0    Dex: 10    Spells: 4 memorised, 6 levels left

rFire  . . .     SeeInvis .     j - +2 spear (pain)
rCold  . . .     Gourm    .     D - +2 robe {MR+}
rNeg   + + .     Faith    .     (no shield)
rPois  ∞         Spirit   .     (no helmet)
rElec  +         Dismiss  .     i - +0 cloak
rCorr  .         Reflect  .     r - +0 pair of gloves
MR     +....     Harm     .     z - +0 pair of boots
Stlth  +++.......               (no amulet)
                                n - ring of positive energy
                                g - +4 ring of slaying

@: no status effects
A: negative energy resistance 1, electricity resistance, unbreathing,
petrification resistance, rot immunity, AC +5
a: no special abilities


You were on level 8 of the Dungeon.
You were very hungry.

You visited 1 branch of the dungeon, and saw 7 of its levels.

You collected 460 gold pieces.
You spent 33 gold pieces at shops.

Inventory:

Hand Weapons
 a - a +0 club
 j - a +2 spear of pain (weapon)
Missiles
 b - 129 stones (quivered)
Armour
 i - a +0 cloak (worn)
 r - a +0 pair of gloves (worn)
 z - a +0 pair of boots (worn)
 D - a +2 robe of magic resistance (worn)
Jewellery
 f - a cursed ring of protection from fire {unknown}
 g - a +4 ring of slaying (left hand)
 n - a ring of positive energy (right hand)
Wands
 h - a wand of random effects (32/48)
 w - a wand of iceblast (6/15)
Scrolls
 l - a scroll of enchant armour {unknown}
 p - 5 scrolls of remove curse
 s - a scroll of amnesia {unknown}
 u - 2 scrolls of teleportation {unknown}
 v - a scroll of fear {unknown}
 x - 2 scrolls of immolation {unknown}
 A - a scroll of noise {unknown}
Potions
 k - a potion of flight
 C - a potion of invisibility {unknown}
 E - 2 potions of berserk rage
 H - a potion of might
Books
 e - a book of Geomancy

   Spells                             Type                      Level
   a - Sandblast                      Earth                        1
   b - Passwall                       Transmutation/Earth          2
   c - Stone Arrow                    Conjuration/Earth            3
   d - Petrify                        Transmutation/Earth          4
   e - Lee's Rapid Deconstruction     Earth                        5
Comestibles
 c - a royal jelly
 d - 8 bread rations
 o - 3 beef jerkies
 q - 6 fruits
 B - 2 meat rations


   Skills:
 + Level 4.2 Dodging
 + Level 6.2 Stealth
 + Level 4.8 Spellcasting
 - Level 0.7 Transmutations
 * Level 9.4 Earth Magic


You had 6 spell levels left.
You knew the following spells:

 Your Spells              Type           Power        Failure   Level  Hunger
a - Sandblast             Erth           #####.       1%          1    None
b - Passwall              Tmut/Erth      ###.......   2%          2    #......
c - Stone Arrow           Conj/Erth      ###...       8%          3    ##.....
d - Lee's Rapid Deconstr  Erth           #####.....   10%         5    ######.


Dungeon Overview and Level Annotations

Branches:
Dungeon (6/15)
 Temple: D:4-7

Altars:
Fedhas
Kikubaaqudgha
Xom
Yredelemnul

Shops:
D:4 ([?

Annotations:
D:2 Natasha


Innate Abilities, Weirdness & Mutations

You are resistant to torment.
Your stone body is resilient. (AC +5)
You are immune to poison.
You resist negative energy. (rN+)
You are resistant to electric shocks. (rElec)
You can survive without breathing.
You are immune to petrification.
You are immune to rotting.


Message History

Casting: Stone Arrow
Confirm with . or Enter, or press ? or * to list all spells.
Aiming: Stone Arrow
Press: ? - help, Shift-Dir - straight line, f - worker ant zombie
Aim: a worker ant zombie (lightly damaged)
The stone arrow hits the worker ant zombie.
The worker ant zombie is severely damaged.
Unknown command.
Casting: Stone Arrow
Confirm with . or Enter, or press ? or * to list all spells.
Aiming: Lee's Rapid Deconstruction
Press: ? - help, Dir - move target cursor, p - worker ant zombie That beam is likely to hit you.
Continue anyway?
The wall shatters!
The blast of rock fragments hits the orc.
You kill the orc!
The blast of rock fragments hits the worker ant zombie.
You destroy the worker ant zombie!
The blast of rock fragments hits you!
You die...

.#.# ###.#.# ...# #
#..... ...## ##.##.#..
....####......#####
......##..##...<..##
......##...)......(#
#.###.##.....#(.)#.#
#.# #...#......#.#...#
#.##############@#####
#...........#..#.....#
###########.#..#####.#
#.#..#####.#
#....##....#
###.###.#### ###
#.....# ..# #######
#.#


There were no monsters in sight!

Vanquished Creatures
  Grinder (D:3)
  A wraith (D:8)
  A wyvern (D:5)
  An ice beast (D:5)
  A centaur (D:8)
  2 scorpions
  2 wights (D:8)
  A giant frog zombie (D:6)
  2 giant frog skeletons
  2 hounds
  4 human zombies (D:8)
  Crazy Yiuf (D:3)
  An orc priest (D:8)
  A centaur skeleton (D:4)
  An orc wizard (D:8)
  Jessica (D:3)
  A human skeleton (D:8)
  7 worker ants
  Natasha (D:2)
  An ogre zombie (D:8)
  An ogre skeleton (D:8)
  2 mummies (D:8)
  A worker ant zombie (D:8)
  7 adders
  2 worms
  4 dart slugs
  A giant gecko (D:3)
  11 orcs
  2 ball pythons
  7 bats
  3 giant cockroaches
  7 hobgoblins
  12 jackals
  3 quokkas
  A giant gecko zombie (D:5)
  A giant newt (D:1)
  3 goblins
  5 kobolds
  A quokka zombie (D:5)
  6 rats
113 creatures vanquished.

Notes
Turn   | Place    | Note
-------+----------+-------------------------------------------
     0 | D:1      | inmateoo the Gargoyle Earth Elementalist began the quest for the Orb.
     0 | D:1      | Reached XP level 1. HP: 10/10 MP: 3/3
   455 | D:2      | Found a shimmering altar of Xom.
   460 | D:2      | Reached skill level 4 in Earth Magic
   460 | D:2      | Reached XP level 2. HP: 15/15 MP: 1/5
   496 | D:2      | Noticed Natasha
   503 | D:2      | Killed Natasha
   503 | D:2      | Reached XP level 3. HP: 13/19 MP: 0/6
   893 | D:1      | Reached XP level 4. HP: 24/24 MP: 7/7
  1297 | D:2      | Learned a level 2 spell: Passwall
  1301 | D:2      | Learned a level 3 spell: Stone Arrow
  1351 | D:2      | Noticed Natasha
  1357 | D:3      | Noticed Jessica
  1370 | D:3      | Killed Jessica
  1370 | D:3      | Reached skill level 5 in Earth Magic
  1599 | D:3      | Found a blossoming altar of Fedhas.
  1724 | D:3      | Noticed Grinder
  1724 | D:3      | Paralysed by Grinder for 3 turns
  1783 | D:3      | Paralysed by Grinder for 6 turns
  1794 | D:3      | Killed Grinder
  1794 | D:3      | Reached skill level 6 in Earth Magic
  1794 | D:3      | Reached XP level 5. HP: 28/28 MP: 7/9
  1794 | D:3      | Reached XP level 6. HP: 32/32 MP: 7/10
  2015 | D:3      | Found a runed door.
  2294 | D:3      | Noticed Crazy Yiuf
  2302 | D:3      | Killed Crazy Yiuf
  2805 | D:4      | Reached XP level 7. HP: 24/36 MP: 11/11
  2906 | D:4      | Learned a level 5 spell: Lee's Rapid Deconstruction
  2934 | D:4      | Found Ciama's Weapon Boutique.
  3009 | D:4      | Found Nab Xura's Armour Boutique.
  3029 | D:4      | Bought a cursed +0 pair of boots for 21 gold pieces
  3119 | D:4      | Found Afeg's Magic Scroll Emporium.
  3125 | D:4      | Bought a scroll of random uselessness for 12 gold pieces
  3577 | D:4      | Reached skill level 7 in Earth Magic
  4076 | D:5      | Entered Level 5 of the Dungeon
  5016 | D:5      | Noticed a wyvern
  5023 | D:5      | Killed a wyvern
  5023 | D:5      | Reached skill level 5 in Stealth
  5023 | D:5      | Reached XP level 8. HP: 17/41 MP: 9/14
  5414 | D:6      | Found a basalt altar of Yredelemnul.
  5421 | D:6      | Reached skill level 8 in Earth Magic
  5947 | D:6      | You fall through a shaft for 2 floors!
  6254 | D:8      | Noticed a wraith
  6260 | D:8      | Found an ancient bone altar of Kikubaaqudgha.
  6287 | D:8      | Killed a wraith
  6288 | D:8      | Reached skill level 9 in Earth Magic
  6823 | D:8      | Reached XP level 9. HP: 7/45 MP: 9/16
  6852 | D:8      | Killed by blast of rock fragments

Vault maps used:
D:1:      dpeg_arrival_lava_altar, minivault_19
D:2:      xom_butterflies, kennysheep_generic_room_14, uniq_natasha
D:3:      fedhas_altar_2, first_bread, uniq_crazy_yiuf_cottage, uniq_grinder,
          uniq_jessica
D:4:      serial_shops, shop, shop, shop_coins
D:5:      serial_bayou_crossing
D:6:      lemuel_crystal_altar
D:8:      lemuel_mausoleum_altar_kikubaaqudgha

Skill      XL: |  1  2  3  4  5  6  7  8 |
---------------+-------------------------+-----
Earth Magic    | 4 6 7 9 |  9.4
Stealth        | 3 4 5 6 |  6.2
Dodging        | 2 3 4 |  4.2
Spellcasting   | 3 4 |  4.8
Transmutations | |  0.7

Action                   |  1- 3 |  4- 6 |  7- 9 || total
-------------------------+-------+-------+-------++-------
Melee: Unarmed           |    15 |       |       ||    15
       Spear             |    38 |   116 |   277 ||   431
       Club              |     8 |       |       ||     8
 Cast: Sandblast         |    15 |       |       ||    15
       Lee's Rapid Decon |       |       |     4 ||     4
       Stone Arrow       |       |       |     5 ||     5
  Use: Potion            |       |     2 |     2 ||     4
       Scroll            |       |     1 |     6 ||     7
 Stab: Distracted        |     1 |       |       ||     1
       Sleeping          |       |    11 |     8 ||    19
  Eat: Chunk             |       |     6 |     7 ||    13
       Fruit             |       |       |     3 ||     3
       Beef jerky        |       |       |     2 ||     2
       Pizza             |       |       |     1 ||     1
Armor: Robe              |    26 |    26 |    85 ||   137
       Skin              |       |    15 |    17 ||    32
Dodge: Dodged            |    72 |    47 |   143 ||   262
